[Event "ICC tourney 2791 (30 10)"]
[Site "Internet Chess Club"]
[Date "2022.01.08"]
[Round "2"]
[White "MOK, ERWIN:bricksweat"]
[Black "SUDHAKAR, SNEGAPRANEETH :Ninthexpert"]
[Result "0-1"]
[ICCResult "White resigns"]
[WhiteElo "961"]
[BlackElo "1293"]
[Opening "QGD: 3.Nc3"]
[ECO "D31"]
[NIC "QP.08"]
[Time "15:00:44"]
[PlyCount "59"]
[TimeControl "1800+10"]

1. d4 d5 2. c4 e6 3. Nc3 Bb4 4. Qc2 Nc6 5. Nf3 Nf6 6. a3 Bxc3+ 7. Qxc3 Ne4
8. Qc2 O-O 9. e3 Re8 10. Bd3 Nf6 11. O-O e5 12. dxe5 Nxe5 13. Nxe5 Rxe5 14.
b3 b6 15. Bb2 Rh5 16. Be2 Rh6 17. Bf3 Qd6 18. g3 Bh3 19. Rfd1 Rd8 20. e4 Qe7
21. cxd5 Ng4 22. Qe2 Nxh2 23. Bh1 Bc8 24. Qd2 Bg4 25. Qc3 f6 26. Rd2 Qe5 27.
Qxe5 fxe5 28. Rc1 Nf3+ 29. Kg2 Rh2+ 30. Kf1 {White resigns} 0-1

[Event "ICC tourney 2791 (30 10)"]
[Site "Internet Chess Club"]
[Date "2022.01.08"]
[Round "2"]
[White "MARHOLTZ, JEREME:JerryMarhz"]
[Black "RAMKUMAR, NIKHIL:nikhilramkumar"]
[Result "0-1"]
[ICCResult "White resigns"]
[WhiteElo "1651"]
[BlackElo "1271"]
[Opening "King's pawn game"]
[ECO "C44"]
[NIC "KP.10"]
[Time "15:01:00"]
[PlyCount "48"]
[TimeControl "1800+10"]

1. e4 e5 2. Nf3 Nc6 3. h4 Bc5 4. a3 d6 5. Ng5 Qf6 6. f4 Qxf4 7. d4 Qg3+ 8.
Kd2 Nxd4 9. Rh3 Bxh3 10. Nxh3 Nf6 11. Nc3 Ng4 12. Ne2 Qe3+ 13. Ke1 Qxe4 14.
Ng5 Nxc2+ 15. Kd2 Be3+ 16. Kc3 Bxg5 17. Bxg5 Nxa1 18. Nc1 f6 19. Bd3 Qd4+
20. Kd2 Qxb2+ 21. Bc2 Nxc2 22. Nd3 Nce3+ 23. Ke1 Nxd1 24. Nxb2 Nxb2
{White resigns}
0-1

[Event "ICC tourney 2791 (30 10)"]
[Site "Internet Chess Club"]
[Date "2022.01.08"]
[Round "2"]
[White "DUDIPALA, DAKSH:swathivjdp"]
[Black "Mason, Mike W:MikeWMason"]
[Result "1-0"]
[ICCResult "Black resigns"]
[WhiteElo "1406"]
[BlackElo "1550"]
[Opening "Sicilian: Najdorf, Lipnitzky attack"]
[ECO "B90"]
[NIC "SI.13"]
[Time "15:00:38"]
[PlyCount "63"]
[TimeControl "1800+10"]

1. e4 c5 2. Nf3 d6 3. d4 cxd4 4. Nxd4 Nf6 5. Nc3 a6 6. Bc4 b5 7. Bb3 Bb7 8.
f3 Nbd7 9. O-O Nc5 10. Bg5 e6 11. h3 Be7 12. Qe2 O-O 13. Rae1 Qc7 14. Qe3
Rac8 15. Kh1 Nxb3 16. axb3 Qc5 17. Rd1 h6 18. Bh4 Rfd8 19. Bf2 Kh7 20. Qd3
Qc7 21. e5+ Ne4 22. Nxe4 Bxe4 23. Qxe4+ Kg8 24. exd6 Bxd6 25. Rd3 Re8 26.
Rfd1 Bc5 27. Bh4 g5 28. Be1 Bxd4 29. Rxd4 Qxc2 30. Qxc2 Rxc2 31. Rd8 Kf8 32.
Bb4+ {Black resigns} 1-0

[Event "ICC tourney 2791 (30 10)"]
[Site "Internet Chess Club"]
[Date "2022.01.08"]
[Round "2"]
[White "Bharathy Mohan, Aarav Sai:aaravbm"]
[Black "GOVINDARAJULA, PRANAY SIDDHARTH:K06-17345554"]
[Result "0-1"]
[ICCResult "White checkmated"]
[WhiteElo "709"]
[BlackElo "1543"]
[Opening "Sicilian: closed, 2...Nc6"]
[ECO "B23"]
[NIC "SI.44"]
[Time "15:00:38"]
[PlyCount "122"]
[TimeControl "1800+10"]

1. e4 c5 2. Nc3 Nc6 3. Nf3 g6 4. Bc4 Bg7 5. O-O e6 6. d3 a6 7. Bd2 b5 8. Bb3
Nge7 9. a3 Bb7 10. h3 O-O 11. Re1 Nd4 12. Nxd4 cxd4 13. Ne2 d5 14. exd5 Nxd5
15. Nf4 Nxf4 16. Bxf4 Rc8 17. Qd2 Re8 18. Be5 f6 19. Bg3 Bd5 20. Bxd5 Qxd5
21. Rec1 f5 22. Re1 e5 23. Kf1 Rc5 24. Kg1 Rec8 25. Rec1 e4 26. dxe4 fxe4
27. Bf4 Qc6 28. Qb4 Rxc2 29. Rxc2 Qxc2 30. Rc1 Qxc1+ 31. Bxc1 Rxc1+ 32. Kh2
Be5+ 33. g3 Rc4 34. Qb3 d3 35. a4 d2 36. axb5 axb5 37. Qd1 Rd4 38. Kg2 Rd3
39. Kf1 Bxb2 40. Ke2 Bc1 41. h4 b4 42. Qh1 d1=Q+ 43. Qxd1 Rxd1 44. Kxd1 Bh6
45. Kc2 Kf7 46. Kb3 Bd2 47. Kc4 Ke6 48. Kd4 Kf5 49. Kc4 Kg4 50. Kd5 Kf3 51.
Ke6 Kxf2 52. Kf6 e3 53. Kg7 e2 54. Kxh7 e1=Q 55. Kxg6 Qe6+ 56. Kg7 Bh6+ 57.
Kh7 Kxg3 58. Kh8 b3 59. Kh7 b2 60. Kh8 b1=Q 61. h5 Qe8# {White checkmated}
0-1

[Event "ICC tourney 2791 (30 10)"]
[Site "Internet Chess Club"]
[Date "2022.01.08"]
[Round "2"]
[White "AYYAPPAN, ANUSHKA:Anushkaa"]
[Black "AHN, WILLIAM TK:kitook"]
[Result "1-0"]
[ICCResult "Black resigns"]
[WhiteElo "1303"]
[BlackElo "896"]
[Opening "Giuoco Pianissimo"]
[ECO "C50"]
[NIC "IG.02"]
[Time "15:00:42"]
[PlyCount "121"]
[TimeControl "1800+10"]

1. e4 e5 2. Nf3 Nc6 3. Bc4 Bc5 4. d3 Nf6 5. O-O d6 6. c3 O-O 7. h3 Be6 8.
Bxe6 fxe6 9. a4 a5 10. Ng5 Qd7 11. Qb3 d5 12. Nd2 Nh5 13. Nxe6 Qxe6 14. exd5
Qf7 15. dxc6 bxc6 16. Qxf7+ Rxf7 17. Ne4 Bb6 18. Be3 Rd8 19. Rad1 Rfd7 20.
g4 Nf6 21. Nc5 Bxc5 22. Bxc5 Rxd3 23. Rxd3 Rxd3 24. Kg2 Ne4 25. Be3 Kf7 26.
Re1 Kf6 27. Ba7 Ng5 28. Bb8 Nxh3 29. Bxc7 Nf4+ 30. Kf1 Rd5 31. c4 Rc5 32. b3
Nd3 33. Re4 Nc1 34. Bb6 Nxb3 35. Bxc5 Nxc5 36. Re3 Kg5 37. Rxe5+ Kxg4 38.
Rxc5 Kf4 39. Rxa5 Ke4 40. Rc5 Kd4 41. Rxc6 g5 42. Rc7 h5 43. Rh7 h4 44. Rh5
Kxc4 45. Rxg5 Kb4 46. Rg4+ Kc5 47. Rxh4 Kd5 48. Rb4 Kc5 49. Rb1 Kd5 50. a5
Kc5 51. a6 Kc4 52. a7 Kc3 53. a8=Q Kc2 54. Qa2+ Kd3 55. Qd5+ Kc3 56. Rc1+
Kb2 57. Qd2+ Kb3 58. Rc3+ Kb4 59. Qd4+ Kb5 60. Rc5+ Kb6 61. Qd6+ {Black
resigns} 1-0

[Event "ICC tourney 2791 (30 10)"]
[Site "Internet Chess Club"]
[Date "2022.01.08"]
[Round "2"]
[White "Liao, Connor:che2468"]
[Black "BAI, JEFFREY:Jeffchess"]
[Result "1-0"]
[ICCResult "Black checkmated"]
[WhiteElo "1511"]
[BlackElo "1174"]
[Opening "Queen's pawn"]
[ECO "A40"]
[NIC "QO.17"]
[Time "15:00:45"]
[PlyCount "73"]
[TimeControl "1800+10"]

1. d4 e6 2. Nf3 d5 3. e3 c5 4. b3 Bd7 5. Bb2 Nf6 6. Bd3 b5 7. O-O c4 8. Be2
Nc6 9. a4 bxa4 10. bxc4 dxc4 11. Bxc4 Na5 12. Bd3 Rb8 13. Bc3 Be7 14. Ne5
O-O 15. Nxd7 Nxd7 16. Rxa4 Nc6 17. Be4 Qb6 18. Bxc6 Qxc6 19. Rxa7 Bf6 20.
Qe2 Rfc8 21. Ra3 Qd6 22. Ra2 Qb6 23. Ba5 Qa7 24. c4 Ra8 25. Nc3 Rab8 26. Nb5
Qa6 27. Bc7 Qc6 28. Bxb8 Nxb8 29. Na7 Qxc4 30. Nxc8 Qxc8 31. Rc2 Qd7 32.
Rfc1 Qd6 33. Rc8+ Bd8 34. Qb5 Na6 35. Qe8+ Qf8 36. Rxd8 Qxe8 37. Rxe8#
{Black checkmated}
1-0

[Event "ICC tourney 2791 (30 10)"]
[Site "Internet Chess Club"]
[Date "2022.01.08"]
[Round "2"]
[White "Elkon, Alex N:Sprinless"]
[Black "BOGIN, THEODORE:tbogin1"]
[Result "1-0"]
[ICCResult "Black resigns"]
[WhiteElo "1681"]
[BlackElo "1492"]
[Opening "Sicilian: Canal-Sokolsky (Nimzovich-Rossolimo, Moscow) attack"]
[ECO "B51"]
[NIC "SI.01"]
[Time "15:00:59"]
[PlyCount "57"]
[TimeControl "1800+10"]

1. e4 c5 2. Nf3 d6 3. Bb5+ Nc6 4. O-O g6 5. d4 cxd4 6. Nxd4 Bd7 7. Nxc6 bxc6
8. Bc4 Bg7 9. Qf3 e6 10. Re1 Ne7 11. Nc3 O-O 12. Bf4 d5 13. exd5 cxd5 14.
Bb3 Bc6 15. Qd3 d4 16. Ne4 Nd5 17. Bg5 f6 18. Bd2 f5 19. Nc5 Qh4 20. Nxe6
Qg4 21. h3 Qh5 22. Nxf8 Rxf8 23. Qa6 Rf6 24. Qc8+ Bf8 25. Re6 Kg7 26. Qxc6
Nb4 27. Qc7+ Rf7 28. Qe5+ Kg8 29. Bxb4 {Black resigns} 1-0

[Event "ICC tourney 2791 (30 10)"]
[Site "Internet Chess Club"]
[Date "2022.01.08"]
[Round "2"]
[White "AMMASANI, SMAYAN:Chessamma"]
[Black "LIU, AARON Y.:werwer119"]
[Result "1-0"]
[ICCResult "Black resigns"]
[WhiteElo "1546"]
[BlackElo "1342"]
[Opening "Ruy Lopez: classical (Cordel) defense"]
[ECO "C64"]
[NIC "RL.01"]
[Time "15:00:43"]
[PlyCount "61"]
[TimeControl "1800+10"]

1. e4 e5 2. Nf3 Nc6 3. Bb5 Bc5 4. O-O d6 5. c3 Nf6 6. d4 exd4 7. cxd4 Bb4 8.
a3 Ba5 9. b4 Bb6 10. d5 O-O 11. dxc6 Nxe4 12. Qc2 f5 13. Bb2 Re8 14. cxb7
Bxb7 15. Bxe8 Qxe8 16. Bd4 c5 17. bxc5 dxc5 18. Be3 Qg6 19. g3 Qc6 20. Ne5
Qd5 21. Qc4 Rd8 22. Rd1 Qxc4 23. Rxd8+ Bxd8 24. Nxc4 Bd5 25. Nbd2 Bf6 26.
Rc1 Nc3 27. Kf1 g5 28. Bxc5 Be6 29. Bb4 Na2 30. Rc2 Nxb4 31. axb4
{Black resigns}
1-0

[Event "ICC tourney 2791 (30 10)"]
[Site "Internet Chess Club"]
[Date "2022.01.08"]
[Round "2"]
[White "Wang, Boyan:Boyan0619"]
[Black "PULLABHOTLA, ABHINAV:Abhinac123"]
[Result "1-0"]
[ICCResult "Black checkmated"]
[WhiteElo "1413"]
[BlackElo "1585"]
[Opening "Scotch game"]
[ECO "C45"]
[NIC "SO.05"]
[Time "15:00:45"]
[PlyCount "59"]
[TimeControl "1800+10"]

1. e4 e5 2. Nf3 Nc6 3. d4 exd4 4. Nxd4 Bc5 5. Be3 Qf6 6. c3 Nge7 7. Bc4 O-O
8. O-O Ne5 9. Bb3 d6 10. Nd2 Ng4 11. Qe2 Ng6 12. f4 Nxe3 13. Qxe3 Re8 14. e5
Qe7 15. f5 Nxe5 16. Rae1 b5 17. f6 gxf6 18. Ne4 f5 19. Qg3+ Kh8 20. Nxc5
dxc5 21. Nc6 Nf3+ 22. Qxf3 Qxe1 23. Rxe1 Rxe1+ 24. Kf2 Re4 25. Qg3 Bb7 26.
Qxc7 Bxc6 27. Qxc6 Rg8 28. Bxf7 Rg7 29. Qc8+ Rg8 30. Qxg8# {Black
checkmated} 1-0

[Event "ICC tourney 2791 (30 10)"]
[Site "Internet Chess Club"]
[Date "2022.01.08"]
[Round "2"]
[White "JIMENEZ, LUIS A:eltuna"]
[Black "Manley, Nicholas:NickManley1987"]
[Result "1-0"]
[ICCResult "Black checkmated"]
[WhiteElo "1519"]
[BlackElo "1270"]
[Opening "QGD: exchange, positional line"]
[ECO "D35"]
[NIC "QO.16"]
[Time "15:00:54"]
[PlyCount "203"]
[TimeControl "1800+10"]

1. d4 d5 2. c4 e6 3. Nc3 Nf6 4. cxd5 exd5 5. Bg5 Be7 6. e3 O-O 7. Bd3 Be6 8.
Nf3 Nbd7 9. h3 b6 10. O-O c5 11. Bf4 Rc8 12. Ba6 Re8 13. Bxc8 Qxc8 14. Re1
Qb7 15. Qc2 Rc8 16. Rad1 Nf8 17. Qe2 Ng6 18. Bh2 Ne4 19. Nxe4 dxe4 20. Ne5
cxd4 21. Rxd4 Nxe5 22. Bxe5 f6 23. Bd6 Bxa2 24. Bxe7 Qxe7 25. Qg4 Be6 26.
Qxe4 g6 27. Red1 Kf7 28. Qh4 Kg7 29. Qf4 Rc2 30. b4 g5 31. Qd6 Kf7 32. Qxe7+
Kxe7 33. R1d2 Rc1+ 34. Kh2 a5 35. bxa5 bxa5 36. Ra4 Rc5 37. Kg3 Bb3 38. Rad4
Rc7 39. R2d3 a4 40. Rb4 Bc2 41. Ra3 Ra7 42. h4 h6 43. hxg5 hxg5 44. f4 gxf4+
45. exf4 f5 46. Kh4 Ke6 47. Rb6+ Kd5 48. Kg5 Kc5 49. Rb8 Rg7+ 50. Kf6 Rxg2
51. Ra2 Be4 52. Rxa4 Rf2 53. Ra5+ Kd4 54. Rxf5 Bd3 55. Rb4+ Kc3 56. Ra4 Bxf5
57. Kxf5 Kb3 58. Re4 Kc3 59. Ke5 Kd3 60. f5 Rf1 61. Rh4 Rf3 62. Kf6 Ke3 63.
Ke6 Kd3 64. f6 Re3+ 65. Kf7 Rf3 66. Kg7 Rg3+ 67. Kf8 Rf3 68. f7 Kc3 69. Rh5
Kd4 70. Ke7 Rxf7+ 71. Kxf7 Ke4 72. Kf6 Kd4 73. Ke6 Kc4 74. Kd6 Kb4 75. Kc6
Ka4 76. Kb6 Kb4 77. Rh4+ Kc3 78. Kb5 Kd3 79. Kc5 Ke3 80. Kd5 Kf3 81. Ra4 Ke3
82. Rb4 Kf3 83. Ke5 Kg3 84. Kf5 Kh3 85. Kg5 Kg3 86. Rb3+ Kf2 87. Kg4 Ke2 88.
Kf4 Kd2 89. Ke4 Kc2 90. Rh3 Kd2 91. Rg3 Kc2 92. Kd4 Kb2 93. Kc4 Ka2 94. Kb4
Kb2 95. Rg2+ Kc1 96. Kc3 Kd1 97. Kd3 Ke1 98. Ke3 Kf1 99. Rb2 Kg1 100. Kf3
Kh1 101. Kg3 Kg1 102. Rb1# {Black checkmated} 1-0

[Event "ICC tourney 2791 (30 10)"]
[Site "Internet Chess Club"]
[Date "2022.01.08"]
[Round "2"]
[White "QIAN, BOBBY:math54321"]
[Black "Sreekumar, Gauri:gsgirl"]
[Result "1/2-1/2"]
[ICCResult "White stalemated"]
[WhiteElo "1610"]
[BlackElo "1448"]
[Opening "Sicilian: Canal-Sokolsky attack, 3...Bd7"]
[ECO "B52"]
[NIC "SI.01"]
[Time "15:00:59"]
[PlyCount "122"]
[TimeControl "1800+10"]

1. e4 c5 2. Nf3 d6 3. Bb5+ Bd7 4. Bxd7+ Qxd7 5. O-O Nf6 6. Re1 Nc6 7. c3 g6
8. d4 cxd4 9. cxd4 Rc8 10. Nc3 Bg7 11. h3 O-O 12. Bg5 b5 13. Nxb5 Rb8 14.
Qe2 Nxe4 15. Qxe4 Rxb5 16. d5 Ne5 17. Nxe5 Bxe5 18. Bxe7 Qxe7 19. f4 Re8 20.
fxe5 dxe5 21. b3 Rd8 22. Qxe5 Qxe5 23. Rxe5 Rbxd5 24. Rxd5 Rxd5 25. Kf2 Rd2+
26. Kf3 Rb2 27. g3 Kg7 28. Ke3 f5 29. h4 Kh6 30. Kf3 Kh5 31. Kf4 a5 32. Ke5
Kg4 33. Kf6 Kxg3 34. h5 Rh2 35. hxg6 hxg6 36. Rg1+ Rg2 37. Rf1 f4 38. Kxg6
f3 39. Kf5 f2 40. Ke4 Rg1 41. Rxf2 Kxf2 42. Kd3 Rc1 43. a3 a4 44. bxa4 Ra1
45. Kc3 Rxa3+ 46. Kb4 Ra1 47. a5 Ke3 48. Kb5 Kd4 49. Kb6 Rb1+ 50. Kc6 Ra1
51. Kb6 Rb1+ 52. Kc6 Rc1+ 53. Kb6 Rb1+ 54. Kc6 Ra1 55. Kb6 Kd5 56. a6 Kd6
57. Kb7 Rb1+ 58. Kc8 Rc1+ 59. Kb7 Kd7 60. a7 Rb1+ 61. Ka8 Kc8 {White
stalemated} 1/2-1/2

[Event "ICC tourney 2791 (30 10)"]
[Site "Internet Chess Club"]
[Date "2022.01.08"]
[Round "2"]
[White "ZAYAS, PETER:Chessplayertwo"]
[Black "LAIDO, MATTHEW:Dabao"]
[Result "0-1"]
[ICCResult "White resigns"]
[WhiteElo "1336"]
[BlackElo "1062"]
[Opening "English, Tröger defense"]
[ECO "A25"]
[NIC "EO.20"]
[Time "15:00:45"]
[PlyCount "138"]
[TimeControl "1800+10"]

1. c4 e5 2. Nc3 Nc6 3. g3 d6 4. Bg2 Be6 5. b3 Nge7 6. a3 g6 7. e3 Bg7 8.
Nge2 d5 9. cxd5 Nxd5 10. O-O f5 11. Bb2 O-O 12. d3 Qd7 13. Nxd5 Bxd5 14. e4
Be6 15. f4 exf4 16. Bxg7 Kxg7 17. Nxf4 Bf7 18. exf5 gxf5 19. Ra2 Rad8 20.
Rd2 b6 21. b4 Ne5 22. Qa1 Rfe8 23. d4 Nc4 24. d5+ Kg8 25. Rd3 b5 26. Re1
Rxe1+ 27. Qxe1 Nb2 28. Re3 Re8 29. Rxe8+ Bxe8 30. Qc3 Nc4 31. Bf1 Nb6 32.
Bg2 Bf7 33. Qc6 Qxc6 34. dxc6 Nc4 35. Nd3 Nxa3 36. Nc5 Nc2 37. Na6 Bc4 38.
Nxc7 Nxb4 39. Na8 Be6 40. c7 Bc8 41. Kf1 Kf8 42. Ke2 Ke7 43. Kd2 Kd7 44. Kc3
Na6 45. Bf1 Nxc7 46. Nxc7 Kxc7 47. Bxb5 a5 48. Bd3 Kb6 49. h4 Kc5 50. Bc2
Bd7 51. Kb3 Kd4 52. Ka3 Ke3 53. h5 Kf3 54. g4 Kxg4 55. Bd1+ Kg5 56. Kb3 f4
57. Kc3 Bg4 58. Bc2 h6 59. Kd2 Kxh5 60. Ke1 Kh4 61. Kf2 Kh3 62. Kg1 Kg3 63.
Kf1 h5 64. Kg1 Bf3 65. Ba4 h4 66. Bd7 h3 67. Bxh3 Kxh3 68. Kf2 Kg4 69. Kf1
a4 {White resigns} 0-1

[Event "ICC tourney 2791 (30 10)"]
[Site "Internet Chess Club"]
[Date "2022.01.08"]
[Round "3"]
[White "CAO, DANIEL:danielcao"]
[Black "MARHOLTZ, JEREME:JerryMarhz"]
[Result "1-0"]
[ICCResult "Black resigns"]
[WhiteElo "1210"]
[BlackElo "1651"]
[Opening "Sicilian: classical"]
[ECO "B58"]
[NIC "SI.25"]
[Time "17:01:00"]
[PlyCount "37"]
[TimeControl "1800+10"]

1. e4 c5 2. Nf3 d6 3. d4 cxd4 4. Nxd4 Nc6 5. Nc3 Nf6 6. Be2 Ne5 7. f3 Ng6 8.
Be3 e5 9. Nb3 h5 10. Qd2 Bd7 11. O-O-O Be7 12. Rdg1 Qc7 13. Bg5 Nf4 14. Bxf4
exf4 15. Qxf4 Nh7 16. Nd5 Qc6 17. Bb5 Qc7 18. Nxc7+ Kf8 19. Bxd7 {Black
resigns} 1-0

[Event "ICC tourney 2791 (30 10)"]
[Site "Internet Chess Club"]
[Date "2022.01.08"]
[Round "3"]
[White "PANDHARE, PARTH:ParthP2003"]
[Black "Wang, Boyan:Boyan0619"]
[Result "0-1"]
[ICCResult "White resigns"]
[WhiteElo "1571"]
[BlackElo "1413"]
[Opening "Sicilian: Sozin, Leonhardt variation"]
[ECO "B88"]
[NIC "SI.26"]
[Time "17:00:15"]
[PlyCount "26"]
[TimeControl "1800+10"]

1. e4 c5 2. Nf3 Nc6 3. d4 cxd4 4. Nxd4 d6 5. Nc3 Nf6 6. Bc4 e6 7. O-O Be7 8.
Qf3 Nxd4 9. Qg3 Nxc2 10. Rb1 O-O 11. Bh6 Ne8 12. f4 Bh4 13. Bg5 Qb6+
{White resigns}
0-1

[Event "ICC tourney 2791 (30 10)"]
[Site "Internet Chess Club"]
[Date "2022.01.08"]
[Round "3"]
[White "BAI, JEFFREY:Jeffchess"]
[Black "PONNA, NIMAI:fromdaus214"]
[Result "0-1"]
[ICCResult "White checkmated"]
[WhiteElo "1174"]
[BlackElo "1464"]
[Opening "Evans gambit"]
[ECO "C52"]
[NIC "IG.05"]
[Time "17:00:42"]
[PlyCount "32"]
[TimeControl "1800+10"]

1. e4 e5 2. Nf3 Nc6 3. Bc4 Bc5 4. b4 Bxb4 5. c3 Ba5 6. d4 exd4 7. O-O Nge7
8. Ng5 d5 9. exd5 Ne5 10. Qxd4 N7g6 11. Ba3 Qxg5 12. f4 Qg4 13. h3 Qg3 14.
fxe5 Bxh3 15. Qf2 Bb6 16. e6 Qxg2# {White checkmated} 0-1

[Event "ICC tourney 2791 (30 10)"]
[Site "Internet Chess Club"]
[Date "2022.01.08"]
[Round "3"]
[White "Jones, Richard S:weakfish"]
[Black "SHI, WARREN:warren200"]
[Result "1-0"]
[ICCResult "Black resigns"]
[WhiteElo "1422"]
[BlackElo "822"]
[Opening "Ruy Lopez: Möller defense"]
[ECO "C78"]
[NIC "RL.07"]
[Time "17:00:23"]
[PlyCount "89"]
[TimeControl "1800+10"]

1. e4 e5 2. Nf3 Nc6 3. Bb5 Nf6 4. O-O a6 5. Ba4 Bc5 6. d3 O-O 7. Nc3 Nd4 8.
Nxd4 exd4 9. Ne2 d6 10. h3 Bd7 11. Bxd7 Qxd7 12. Bg5 Qe6 13. a3 h6 14. Bh4
Rfe8 15. Bg3 d5 16. Nf4 Qe7 17. exd5 Bd6 18. Re1 Qd7 19. Qf3 Bxf4 20. Qxf4
Rxe1+ 21. Rxe1 Nh5 22. Qxc7 Qxc7 23. Bxc7 Rc8 24. d6 Nf6 25. Re7 Kf8 26. Re5
Nd7 27. Rd5 Ke8 28. Rxd4 f5 29. c3 Kf7 30. Rb4 Ke6 31. f4 Nc5 32. Rd4 a5 33.
b4 Na6 34. d7 Rxc7 35. d8=Q Kf7 36. Rd7+ Rxd7 37. Qxd7+ Kg6 38. Qxb7 axb4
39. Qxa6+ Kh5 40. axb4 g6 41. d4 g5 42. fxg5 hxg5 43. Qe2+ g4 44. hxg4+ fxg4
45. g3 {Black resigns} 1-0

[Event "ICC tourney 2791 (30 10)"]
[Site "Internet Chess Club"]
[Date "2022.01.08"]
[Round "3"]
[White "Manley, Nicholas:NickManley1987"]
[Black "MOK, ERWIN:bricksweat"]
[Result "0-1"]
[ICCResult "White resigns"]
[WhiteElo "1270"]
[BlackElo "961"]
[Opening "French: Winawer, advance, positional main line"]
[ECO "C19"]
[NIC "FR.12"]
[Time "17:00:14"]
[PlyCount "43"]
[TimeControl "1800+10"]

1. e4 e6 2. d4 d5 3. Nc3 Bb4 4. e5 c5 5. a3 Bxc3+ 6. bxc3 Ne7 7. Nf3 Qc7 8.
Bd3 Bd7 9. O-O Ba4 10. Bg5 O-O 11. Qd2 f6 12. Bf4 Qc6 13. Rfe1 f5 14. c4
dxc4 15. Bxc4 Bb5 16. Bxb5 Qxb5 17. Rab1 Qc6 18. Qe2 c4 19. Ng5 h6 20. Nxe6
Qxe6 21. Rxb7 Nbc6 22. Qf3 {White resigns} 0-1

[Event "ICC tourney 2791 (30 10)"]
[Site "Internet Chess Club"]
[Date "2022.01.08"]
[Round "3"]
[White "ZHAO, DANSON:K01-30127679"]
[Black "ZAYAS, PETER:Chessplayertwo"]
[Result "0-1"]
[ICCResult "White checkmated"]
[WhiteElo "1110"]
[BlackElo "1336"]
[Opening "Sicilian defense"]
[ECO "B34"]
[NIC "SI.33"]
[Time "17:01:00"]
[PlyCount "156"]
[TimeControl "1800+10"]

1. e4 c5 2. Nf3 Nc6 3. d4 cxd4 4. Nxd4 g6 5. Be3 Bg7 6. Nc3 a6 7. a3 e6 8.
Be2 Nge7 9. O-O O-O 10. Qd2 Re8 11. Nxc6 dxc6 12. Qxd8 Rxd8 13. Rad1 Re8 14.
Bd4 f6 15. f4 b5 16. Bf3 Bb7 17. e5 f5 18. Bc5 Nd5 19. Nxd5 cxd5 20. c3 a5
21. Be2 Ba6 22. Bb6 a4 23. Bf2 Rec8 24. h4 h5 25. Rd4 Bf8 26. Re1 Kf7 27.
Rd2 Rc6 28. Be3 Rac8 29. Kf2 Be7 30. Rh1 Rd8 31. g3 Rd7 32. Rhd1 Ke8 33. Bf1
Rdc7 34. Be2 Kd7 35. Bd3 Kc8 36. Ke1 Kb7 37. Kf2 Rc8 38. Ke1 Bxa3 39. bxa3
Rxc3 40. Ra2 Rb3 41. Ke2 Rcc3 42. Rc2 Rxa3 43. Rxc3 Rxc3 44. Rc1 Rxc1 45.
Bxc1 b4 46. Bxa6+ Kxa6 47. Kd3 Kb5 48. Bb2 a3 49. Bd4 b3 50. Kc3 Ka4 51. Kd2
b2 52. Kc2 Kb4 53. Bxb2 axb2 54. Kxb2 Kc4 55. Kc2 Kd4 56. Kd2 Ke4 57. Ke2 d4
58. Kf2 d3 59. Ke1 Kf3 60. Kd2 Kxg3 61. Kxd3 Kxf4 62. Ke2 Kxe5 63. Kf3 Kd4
64. Kf4 Kd5 65. Kg5 e5 66. Kxg6 f4 67. Kg5 f3 68. Kxh5 f2 69. Kg5 f1=Q 70.
h5 Qg2+ 71. Kf6 Qg8 72. h6 Qh7 73. Kg5 e4 74. Kh5 e3 75. Kg4 Qxh6 76. Kf3
Kd4 77. Ke2 Qh2+ 78. Kd1 Qd2# {White checkmated} 0-1

[Event "ICC tourney 2791 (30 10)"]
[Site "Internet Chess Club"]
[Date "2022.01.08"]
[Round "3"]
[White "Doan Giang, Nguyen Doan:Doctorstrange04"]
[Black "DUDIPALA, DAKSH:swathivjdp"]
[Result "1-0"]
[ICCResult "Black checkmated"]
[WhiteElo "1575"]
[BlackElo "1406"]
[Opening "Nimzovich-Larsen attack"]
[ECO "A01"]
[NIC "VO.08"]
[Time "17:00:23"]
[PlyCount "81"]
[TimeControl "1800+10"]

1. b3 Nc6 2. Bb2 e5 3. c4 Nf6 4. e3 Bc5 5. Nc3 d6 6. Nf3 Bf5 7. d3 O-O 8.
Be2 h6 9. O-O a6 10. a3 Qd7 11. Rc1 Rfe8 12. Nd2 Rad8 13. b4 Ba7 14. Nb3 e4
15. d4 d5 16. cxd5 Nxd5 17. Nxd5 Qxd5 18. Bc4 Qd7 19. Qh5 Re7 20. h3 Kh7 21.
Rfd1 Bg6 22. Qh4 b5 23. Be2 Rde8 24. Qg3 Qd5 25. Nc5 Bxc5 26. Rxc5 Qb3 27.
Rd2 Nd8 28. Rxc7 Ne6 29. Rxe7 Rxe7 30. d5 Ng5 31. h4 Nf3+ 32. gxf3 exf3 33.
Bxf3 f6 34. h5 Bf7 35. d6 Rd7 36. Bc6 Rd8 37. Be4+ Kh8 38. Qf4 Bxh5 39. Bxf6
Rf8 40. Qxh6+ Kg8 41. Qxg7# {Black checkmated} 1-0

[Event "ICC tourney 2791 (30 10)"]
[Site "Internet Chess Club"]
[Date "2022.01.08"]
[Round "3"]
[White "LIU, AARON Y.:werwer119"]
[Black "Bharathy Mohan, Aarav Sai:aaravbm"]
[Result "1-0"]
[ICCResult "Black resigns"]
[WhiteElo "1342"]
[BlackElo "709"]
[Opening "Giuoco Piano: Greco's attack"]
[ECO "C54"]
[NIC "IG.02"]
[Time "17:00:20"]
[PlyCount "43"]
[TimeControl "1800+10"]

1. e4 e5 2. Nf3 Nc6 3. Bc4 Bc5 4. c3 Nf6 5. d4 exd4 6. cxd4 Bb4+ 7. Nc3 O-O
8. d5 Nxe4 9. O-O Nxc3 10. bxc3 Bxc3 11. Bg5 Qe8 12. dxc6 dxc6 13. Rc1 Ba5
14. Rc2 Bf5 15. Re2 Qc8 16. Qb3 Bg4 17. Be7 Bxf3 18. Qxf3 Qd7 19. Bxf8 Rxf8
20. Qd3 Qg4 21. Qg3 Qxg3 22. hxg3 {Black resigns} 1-0

[Event "ICC tourney 2791 (30 10)"]
[Site "Internet Chess Club"]
[Date "2022.01.08"]
[Round "3"]
[White "LIU, ZACHARY HANKUN:K03-17349625"]
[Black "Liao, Connor:che2468"]
[Result "1-0"]
[ICCResult "Black resigns"]
[WhiteElo "1610"]
[BlackElo "1511"]
[Opening "Sicilian: Richter-Rauzer, Rauzer attack, 7...Be7"]
[ECO "B63"]
[NIC "SI.27"]
[Time "17:00:13"]
[PlyCount "73"]
[TimeControl "1800+10"]

1. e4 c5 2. Nf3 d6 3. d4 cxd4 4. Nxd4 Nf6 5. Nc3 Nc6 6. Bg5 e6 7. Qd2 Be7 8.
O-O-O a6 9. Bxf6 gxf6 10. Kb1 e5 11. Nb3 Be6 12. Nd5 Bxd5 13. Qxd5 Qc7 14.
c3 b5 15. Be2 Rg8 16. Bh5 Rg7 17. h3 O-O-O 18. g3 Rf8 19. Rc1 Qb6 20. c4 Kc7
21. cxb5 axb5 22. Rxc6+ Qxc6 23. Rc1 Qxc1+ 24. Kxc1 Kb8 25. Na5 Rc8+ 26. Kd1
Rc7 27. Qxb5+ Kc8 28. Qe8+ Bd8 29. Bg4+ Rxg4 30. hxg4 h5 31. gxh5 f5 32. h6
f6 33. exf5 e4 34. Nc6 Rd7 35. Nxd8 Rxd8 36. Qxd8+ Kxd8 37. h7 {Black
resigns} 1-0

[Event "ICC tourney 2791 (30 10)"]
[Site "Internet Chess Club"]
[Date "2022.01.08"]
[Round "3"]
[White "PRABHU, VARUN:varunprabhu"]
[Black "MOORE, ADAM:madamimadam"]
[Result "0-1"]
[ICCResult "White forfeits on time"]
[WhiteElo "864"]
[BlackElo "1465"]
[Opening "Alekhine's defense"]
[ECO "B02"]
[NIC "AL.10"]
[Time "17:00:17"]
[PlyCount "74"]
[TimeControl "1800+10"]

1. e4 Nf6 2. Nc3 e6 3. d4 Bb4 4. Bd3 Nc6 5. Nf3 d5 6. e5 Nd7 7. Bg5 Ne7 8.
O-O c5 9. Re1 O-O 10. Qd2 Re8 11. a3 Ba5 12. Qf4 c4 13. Be2 Qb6 14. Rab1 Nf8
15. b4 cxb3 16. Rxb3 Qc7 17. Qe3 a6 18. Rd1 b5 19. Bd3 Nfg6 20. Ne2 Bd7 21.
Nf4 Bc6 22. Nxg6 Nxg6 23. Bxg6 fxg6 24. Rc1 Qd7 25. Qf4 Rf8 26. Qg4 Bd8 27.
Bxd8 Raxd8 28. Ng5 Rde8 29. Rh3 h6 30. Nf3 Qf7 31. Qh4 Qe7 32. Qg4 g5 33.
Qh5 Qxa3 34. Re1 Qb4 35. Kf1 Qc4+ 36. Kg1 Qc3 37. Rf1 Qxc2
{White forfeits on time}
0-1